 Dungeon Crawl Stone Soup version 0.29-a0-962-gc8bbfd0a37 (webtiles) character file.

Game seed: 8549300158864318176

115246 jt the Peltast (level 17, -7/156 HPs)
             Began as a Meteoran Cinder Acolyte on July 30, 2022.
             Was a Follower of Ignis.
             Shot with a bolt by Vashnia (15 damage)
             ... on level 4 of the Snake Pit.
             The game lasted 01:35:18 (13040 turns).

jt the Peltast (Meteoran Cinder Acolyte)           Turns: 13040, Time: 01:35:21

Health: -7/156     AC: 45    Str: 22    XL:     17   Next: 82%
Magic:  29/29      EV:  9    Int: 23    God:    Ignis [*.....]
Gold:   781        SH: 20    Dex:  7    Spells: 16/18 levels left

rFire   + . .      SeeInvis .   a - +4 war axe of Igaes {freeze, rCorr}
rCold   + + .      Faith    +   Y - +2 tower shield {reflect}
rNeg    + + .      Spirit   .   x - +5 pearl dragon scales
rPois   +          Reflect  +   O - +2 helmet
rElec   +          Harm     .   u - +2 cloak {Will+}
rCorr   +          Rampage  .   o - +2 pair of gloves of Gravitas {MP+9 Int+2 Stlth+}
Will    ++++.                   l - +3 pair of mountain boots {steadfast, rC+}
Stlth   ..........              A - amulet "Nuagait" {Faith *Slow rElec rC+ Int+4}
HPRegen 0.36/turn               F - ring of Raih Hiewn {Fly rN+ Will+ rCorr Dex-4}
MPRegen 0.21/turn               C - ring of poison resistance

@: weakened, fiery-armoured, flying, slowed, glowing, very slow
A: sense surroundings 2, otherworldly, glowing, explore regen
a: Renounce Religion, Fiery Armour, Foxfire Swarm, Rising Flame


You were on level 4 of the Snake Pit.
You worshipped Ignis.
Ignis was aware of your devotion.
You visited 7 branches of the dungeon, and saw 30 of its levels.
You also visited: Ossuary.

You collected 3235 gold pieces.
You spent 2454 gold pieces at shops.

Inventory:

Hand Weapons
 a - the +4 war axe of Igaes (weapon) {freeze, rCorr}
   (You found it on level 5 of the Dungeon)

   It freezes those it strikes, dealing additional cold damage.
   It can also slow down cold-blooded creatures.
   rCorr:     It protects you from acid and corrosion.
 b - a +0 hand axe of flaming
 c - a +0 broad axe
 h - a +7 trident
Missiles
 f - 13 javelins
 z - 2 curare-tipped darts
 B - 4 silver javelins
 R - a throwing net
 U - 8 poisoned darts
Armour
 l - the +3 pair of mountain boots (worn) {steadfast, rC+}
   (You bought it in a shop on level 2 of the Orcish Mines)

   It prevents involuntary movement, except for blinking, teleportation, or
   banishment.
   rC:        It protects you from cold.
 o - the +2 pair of gloves of Gravitas (worn) {MP+9 Int+2 Stlth+}
   (You found it on level 1 of the Snake Pit)

   Int:       It affects your intelligence (+2).
   MP:        It affects your magic capacity (+9).
   Stlth:     It makes you more stealthy.
 u - a +2 cloak of willpower (worn)
 x - +5 pearl dragon scales (worn)
 O - a +2 helmet (worn)
 P - a +1 kite shield of fire resistance
 Y - a +2 tower shield of reflection (worn)
Jewellery
 w - a +6 ring of intelligence
 A - the amulet "Nuagait" (around neck) {Faith *Slow rElec rC+ Int+4}
   (You bought it in a shop on level 3 of the Snake Pit)

   [amulet of faith]

   It allows you to gain divine favour quickly.
   Int:       It affects your intelligence (+4).
   rC:        It protects you from cold.
   rElec:     It insulates you from electricity.
   *Slow:     It may slow you when you take damage.
 C - a ring of poison resistance (right hand)
 E - a ring of see invisible
 F - a ring of Raih Hiewn (left hand) {Fly rN+ Will+ rCorr Dex-4}
   (You acquired it on level 12 of the Dungeon)

   [ring of resist corrosion]

   Dex:       It affects your dexterity (-4).
   rN:        It protects you from negative energy.
   Fly:       It grants you flight.
   rCorr:     It protects you from acid and corrosion.
   Will:      It increases your willpower.
 G - a ring of ice
 L - an amulet of regeneration
Wands
 p - a wand of digging (5)
 H - a wand of polymorph (5)
 K - a wand of light (6)
 M - a wand of mindburst (11)
 N - a wand of flame (32)
Scrolls
 g - 5 scrolls of poison
 i - 2 scrolls of fear
 j - a scroll of immolation
 n - a scroll of brand weapon
 q - 2 scrolls of enchant weapon
 r - 4 scrolls of magic mapping
 t - 9 scrolls of teleportation
 J - 2 scrolls of butterflies
 Q - 3 scrolls of vulnerability
 S - a scroll of summoning
 X - a scroll of silence
Potions
 e - a potion of ambrosia
 s - 8 potions of curing
 y - a potion of magic
 D - 5 potions of attraction
 I - a potion of cancellation
 T - 4 potions of brilliance
 V - 4 potions of resistance
 W - a potion of mutation
 Z - 4 potions of lignification
Miscellaneous
 v - a condenser vane (inert)


   Skills:
 + Level 15.5 Fighting
 + Level 16.7 Axes
 + Level 16.6 Armour
 - Level 5.0 Dodging
 + Level 18.3 Shields
 - Level 1.3 Spellcasting
 - Level 3.6 Fire Magic
 + Level 8.0 Evocations


You had 16 spell levels left.
You knew the following spells:

 Your Spells              Type           Power      Damage    Failure   Level
a - Scorch                Fire           36%        2d7       26%         2

Your spell library contained the following spells:

 Spells                   Type           Power      Damage    Failure   Level
 Summon Small Mammal      Summ           4%         N/A       58%         1
 Ensorcelled Hibernation  Hex/Ice        2%         N/A       75%         2
 Static Discharge         Conj/Air       1%         3-4/arc   75%         2
 Call Canine Familiar     Summ           1%         N/A       92%         3
 Spider Form              Tmut/Pois      1%         N/A       92%         3
 Summon Guardian Golem    Hex/Summ       1%         N/A       92%         3
 Sticky Flame             Conj/Fire      9%         2d3       98%         4
 Anguish                  Hex/Necr       0%         N/A       100%        4
 Dispel Undead            Necr           1%         3d6       100%        4
 Passage of Golubria      Tloc           1%         N/A       100%        4
 Summon Ice Beast         Ice/Summ       1%         N/A       100%        4
 Silence                  Hex/Air        0%         N/A       100%        5
 Summon Forest            Summ/Tloc      0%         N/A       100%        5
 Eringya's Noxious Bog    Tmut/Pois      0%         N/A       100%        6
 Summon Cactus Giant      Summ           0%         N/A       100%        6
 Summon Hydra             Summ           0%         N/A       100%        7
 Lehudib's Crystal Spear  Conj/Erth      0%         10d2      100%        8


Dungeon Overview and Level Annotations

Branches:
Dungeon (15/15) Zot: 2175  Temple (1/1) D:5 Zot: 484    Lair (4/5) D:11 Zot: 1046
 Shoals (1/4) Lair:2 Zot: 589   Snake (4/4) Lair:3 Zot: 266     Orc (2/2) D:12 Zot: 290
    Elf (3/3) Orc:2 Zot: 713  Vaults (0/5) D:14         Depths (0/4) D:15
Ossuary (visited)
  Slime: Lair:4-5

Altars:
Ashenzari
Cheibriados
Dithmenos
Elyvilon
Fedhas
Hepliaklqana
Kikubaaqudgha
Makhleb
Nemelex Xobeh
Okawaru
Qazlal
Ru
Sif Muna
Trog
Uskayaw
Vehumet
Wu Jian
Xom
Yredelemnul
Zin
The Shining One

Shops:
D:3 [   D:6 [   Orc:2 [=!?=   Snake:3 =:=

Annotations:
Snake:2 Nikola
Snake:4 Vashnia


Innate Abilities, Weirdness & Mutations

You passively map the area around you.
You are easily found by Zot.
You glow in the dark.
You regain HP and MP as you explore.


Message History

Item here: a salamander corpse.
The floor, spattered with blood.
Your butterfly is engulfed in freezing vapours.
You kill your butterfly!
Your butterfly disappears in a burst of colours!
The salamander tyrant calls gouts of flame from the lava!
The flame surge hits you but does no damage.
The flame surge hits your butterfly!!!
Your butterfly dies!
Your butterfly disappears in a burst of colours!
The flame surge hits your butterfly!!!
Your butterfly dies!
Your butterfly disappears in a burst of colours!
Vashnia is engulfed in freezing vapours.
Vashnia shoots a bolt.
The bolt hits you!!
* * * LOW HITPOINT WARNING * * *
The salamander tyrant gazes fiercely through something!
You feel as though you will be weak longer.
There is a fountain of clear blue water here.
You feel much better.
Your butterfly is engulfed in freezing vapours.
You kill your butterfly!
Your butterfly disappears in a burst of colours!
Your butterfly is engulfed in freezing vapours.
You kill your butterfly!
Your butterfly disappears in a burst of colours!
The salamander tyrant gazes fiercely through you!
You feel as though you will be weak longer.
Vashnia is engulfed in freezing vapours.
Vashnia shoots a bolt.
The bolt hits you!!
* * * LOW HITPOINT WARNING * * *
Unknown command.
As you read the scroll of fear, it crumbles to dust.
You assume a fearsome visage.
The naga looks frightened!
The salamander tyrant easily resists.
The salamander tyrant resists with some effort.
Vashnia resists with almost no effort.
Vashnia is engulfed in freezing vapours.
Vashnia shoots a bolt.
The bolt hits you!
You die...

,#..⌠.........⌠..###......###
#.....8...8...§§# ##.......## ,
,#............N§§# ##.......##
#.....8...8§§§§§# ##.......#
#...⌠.....N§§§/.# ###......
,#.....8...8.N§..# ##......
,#..........§§§N.#### ##.......
*
#.....8...8b....#..###....N...
###.⌠......≈..@.##...##........
#.#....8...8.≈..#...<......###.
#.##...........##...).....## #.
###..#.....⌠.....#..........#
##
.....##.........##....."....##
#
......###...).###............#
......####...##..............#
#....##.).....#.......)......#
#...##..)....##.............##


You could see Vashnia (ally target), 2 salamander tyrants and a naga (fleeing).

Vanquished Creatures
  Rupert (D:15)
  Jorgrun (D:12)
  2 nagarajas (Snake:4)
  Donald (Orc:2)
  Azrael (Snake:3)
  A deep elf demonologist (Elf:1)
  A fire dragon (D:14)
  A vault guard (D:14)
  4 hydras
  Erolcha (Orc:2)
  Erica (D:8)
  5 centaur warriors
  6 two-headed ogres
  2 ogre magi (Orc:2)
  Fannar (Orc:1)
  13 anacondas
  5 dancing weapons (Elf:3)
  A tengu warrior (D:15)
  8 naga warriors
  9 naga sharpshooters
  An orc high priest (D:12)
  2 deep elf knights
  6 salamander mystics
  4 shock serpents
  4 skeletal warriors (D:13)
  A spriggan druid (Elf:1)
  A harpy (shapeshifter) (D:14)
  4 naga ritualists
  Pikel (D:8)
  A steelbarb worm (Snake:2)
  2 deep elf archers (Elf:2)
  9 deep elf pyromancers
  An oklob plant (D:11)
  16 deep elf zephyrmancers
  7 mana vipers
  3 ugly things (D:15)
  11 salamanders
  3 cyclopes
  9 orc sorcerers
  3 manticores
  15 black mambas
  3 elephants (Lair:2)
  2 rust devils (D:6)
  A water nymph (Shoals:1)
  6 guardian serpents (Snake:4)
  6 naga magi
  8 cane toads
  Maggie (D:9)
  An efreet (D:13)
  An unseen horror (D:12)
  A rime drake (Lair:4)
  3 komodo dragons (Lair:2)
  2 polar bears
  4 slime creatures (D:12)
  3 trolls
  Prince Ribbit (D:9)
  A dream sheep (D:10)
  A blink frog (shapeshifter) (D:14)
  3 blink frogs (Lair:1)
  2 air elementals
  A water elemental (Elf:2)
  A shadow (D:9)
  6 wyverns
  12 yaks
  4 wraiths
  A human (D:12)
  2 fire elementals (Snake:3)
  12 vampire mosquitoes
  A steam dragon (D:6)
  2 basilisks
  Menkaure (Ossuary)
  29 nagas
  3 wargs
  17 water moccasins
  4 hell hounds (Snake:3)
  A sky beast (D:7)
  A black bear (Lair:3)
  An ice beast (D:7)
  13 orc warriors
  8 ogres
  2 wolves (Elf:1)
  8 centaurs
  A lemure (D:8)
  3 phantoms
  A kobold brigand (D:7)
  A gnoll sergeant (D:12)
  13 bullfrogs
  2 earth elementals (Elf:2)
  6 scorpions
  3 wights (D:8)
  5 killer bees (D:7)
  An electric eel (D:14)
  9 howler monkeys
  A centaur zombie (D:10)
  A lava snake (D:14)
  A hound (D:7)
  A jelly (D:5)
  A gnoll bouda (D:8)
  10 orc priests
  4 iguanas
  32 orc wizards
  3 mummies (Ossuary)
  A howler monkey zombie (D:10)
  5 adders
  12 gnolls
  A white imp (D:6)
  3 ufetubi
  2 worms
  A dart slug (D:1)
  62 orcs
  4 bats
  6 endoplasms
  3 gnoll zombies (Ossuary)
  5 goblins
  2 hobgoblins
  3 jackals (D:1)
  4 quokkas
  2 ball pythons (D:3)
  A frilled lizard (D:1)
  5 gnoll skeletons (Ossuary)
  3 goblin skeletons (Ossuary)
  4 goblin zombies (Ossuary)
  3 hobgoblin skeletons (Ossuary)
  3 hobgoblin zombies (Ossuary)
  12 kobolds
  6 kobold skeletons (Ossuary)
  4 kobold zombies (Ossuary)
  6 orc skeletons (Ossuary)
  6 orc zombies (Ossuary)
  8 rats
  2 rat skeletons (Ossuary)
  5 rat zombies (Ossuary)
632 creatures vanquished.

Vanquished Creatures (others)
  A salamander tyrant (Snake:4)
  A guardian serpent (Snake:4)
  An orc wizard (Orc:2)
  An orc (Orc:2)
  12 fungi
  38 plants
54 creatures vanquished.

Grand Total: 686 creatures vanquished

Notes
Turn   | Place    | Note
-------+----------+-------------------------------------------
     0 | D:1      | jt the Meteoran Cinder Acolyte began the quest for the Orb.
     0 | D:1      | Reached XP level 1. HP: 19/19 MP: 3/3
   301 | D:1      | Reached XP level 2. HP: 26/26 MP: 5/5
   304 | D:1      | Learned a level 2 spell: Scorch
   396 | D:1      | Found a faded altar of an unknown god.
   410 | D:1      | Reached XP level 3. HP: 27/31 MP: 3/6
   476 | D:2      | Reached skill level 5 in Axes
   495 | D:2      | Reached XP level 4. HP: 38/38 MP: 7/7
   537 | D:2      | Reached XP level 5. HP: 24/45 MP: 0/8
   653 | D:3      | Found a broken altar of Ashenzari.
   743 | D:3      | Reached skill level 1 in Armour
   788 | D:3      | Found Nenkarch's Armour Shoppe.
   824 | D:3      | Reached XP level 6. HP: 51/51 MP: 0/9
  1112 | D:5      | Entered Level 5 of the Dungeon
  1115 | D:5      | Found a staircase to the Ecumenical Temple.
  1121 | Temple   | Entered the Ecumenical Temple
  1308 | D:3      | Bought a +0 cloak for 63 gold pieces
  1308 | D:3      | Bought a +0 kite shield for 63 gold pieces
  1421 | D:4      | Reached skill level 1 in Shields
  1421 | D:4      | Reached XP level 7. HP: 41/57 MP: 7/10
  1553 | D:4      | Found an iron altar of Okawaru.
  1554 | D:4      | Found a bloodstained altar of Trog.
  1560 | D:4      | Reached skill level 2 in Shields
  1610 | D:4      | Reached skill level 3 in Shields
  1725 | D:5      | Found a blossoming altar of Fedhas.
  1725 | D:5      | Found a burning altar of Makhleb.
  1747 | D:5      | Reached skill level 4 in Shields
  1796 | D:5      | Found an ornate altar of the Wu Jian Council.
  1815 | D:5      | Found a glowing golden altar of the Shining One.
  1831 | D:5      | Reached XP level 8. HP: 63/63 MP: 11/11
  1912 | D:5      | Reached skill level 5 in Shields
  1940 | D:6      | Found Tugupemn's Antique Armour Shoppe.
  2076 | D:6      | Reached skill level 6 in Shields
  2128 | D:6      | You fall into a shaft and drop 3 floors!
  2143 | D:9      | Noticed a wraith
  2159 | D:9      | Noticed a wyvern
  2162 | D:9      | Killed a wyvern
  2162 | D:9      | Killed a wraith
  2163 | D:9      | Reached skill level 7 in Shields
  2163 | D:9      | Gained mutation: You passively map the area around you.
                  | [Meteoran growth]
  2163 | D:9      | Reached XP level 9. HP: 40/70 MP: 6/12
  2198 | D:10     | Entered Level 10 of the Dungeon
  2296 | D:9      | Reached skill level 8 in Shields
  2310 | D:9      | Noticed Maggie
  2323 | D:9      | Killed Maggie
  2324 | D:9      | Reached skill level 10 in Axes
  2465 | D:8      | Found an ancient bone altar of Kikubaaqudgha.
  2472 | D:8      | Reached skill level 9 in Shields
  2522 | D:8      | Noticed Pikel
  2551 | D:7      | Reached skill level 1 in Evocations
  2623 | D:7      | Reached XP level 10. HP: 70/80 MP: 10/13
  2630 | D:7      | Found a sand-covered staircase.
  2675 | Ossuary  | Entered an ossuary
  2951 | Ossuary  | Noticed Menkaure
  2958 | Ossuary  | Killed Menkaure
  3095 | D:5      | Noticed a rust devil
  3095 | D:5      | Noticed a rust devil
  3097 | D:5      | Identified a scroll of acquirement
  3113 | D:6      | Killed a rust devil
  3114 | D:6      | Reached skill level 5 in Fighting
  3114 | D:6      | Reached skill level 5 in Armour
  3323 | D:6      | Killed a rust devil
  3324 | D:6      | Reached skill level 10 in Shields
  3406 | D:5      | Identified the +4 war axe of Igaes {freeze, rCorr}
  3732 | D:7      | Found a hide-covered altar of Uskayaw.
  3939 | D:8      | Noticed Erica
  3961 | D:8      | Killed Erica
  3962 | D:8      | Reached skill level 5 in Evocations
  3962 | D:8      | Reached XP level 11. HP: 40/89 MP: 7/14
  4040 | D:8      | Killed Pikel
  4368 | D:9      | Noticed Prince Ribbit
  4390 | D:9      | Killed Prince Ribbit
  4391 | D:9      | Reached skill level 11 in Shields
  4645 | D:10     | Noticed Urug
  4655 | D:10     | Noticed Urug
  4655 | D:10     | Urug changed into Urug the dream sheep
  4656 | D:10     | Killed Urug the dream sheep
  5026 | D:11     | Noticed Sonja
  5027 | D:11     | Noticed Sonja
  5027 | D:11     | Sonja changed into Sonja the water moccasin
  5036 | D:11     | Killed Sonja the water moccasin
  5084 | D:11     | Noticed a two-headed ogre
  5109 | D:10     | Reached XP level 12. HP: 101/101 MP: 15/15
  5116 | D:10     | Found a basalt altar of Yredelemnul.
  5186 | D:10     | Found a glowing silver altar of Zin.
  5186 | D:10     | Noticed an angel
  5187 | D:10     | Found a shimmering altar of Xom.
  5297 | D:11     | Killed a two-headed ogre
  5341 | D:11     | Found a staircase to the Lair.
  5364 | Lair:1   | Entered Level 1 of the Lair of Beasts
  5392 | Lair:1   | Reached skill level 12 in Shields
  5587 | Lair:2   | Noticed an eight-headed hydra
  5602 | Lair:2   | Killed a one-headed hydra
  6042 | Lair:2   | Reached skill level 10 in Armour
  6042 | Lair:2   | Reached XP level 13. HP: 97/111 MP: 10/16
  6085 | Lair:4   | Noticed a seven-headed hydra
  6105 | Lair:4   | Killed a one-headed hydra
  6106 | Lair:4   | Reached skill level 13 in Shields
  6358 | Lair:3   | Found a staircase to the Snake Pit.
  6397 | Lair:3   | Reached skill level 10 in Fighting
  6662 | D:12     | Found a staircase to the Orcish Mines.
  6786 | Orc:1    | Entered Level 1 of the Orcish Mines
  6810 | D:12     | Acquired 1031 gold pieces
  6902 | D:12     | Noticed Jorgrun
  6923 | D:12     | Killed Jorgrun
  7136 | D:12     | Noticed a two-headed ogre
  7149 | D:12     | Killed a two-headed ogre
  7221 | D:12     | Reached skill level 14 in Shields
  7298 | D:12     | Noticed a five-headed hydra
  7306 | D:12     | Killed a one-headed hydra
  7364 | D:13     | Reached XP level 14. HP: 50/124 MP: 7/17
  7460 | D:13     | Found a sparkling altar of Nemelex Xobeh.
  7557 | D:13     | Reached skill level 15 in Axes
  7640 | D:14     | Noticed a fire dragon
  7676 | D:14     | Killed a fire dragon
  7799 | D:14     | Found a gate to the Vaults.
  7868 | D:15     | Entered Level 15 of the Dungeon
  8036 | D:15     | Noticed Rupert
  8058 | D:15     | Killed Rupert
  8059 | D:15     | Reached skill level 15 in Shields
  8379 | D:12     | Acquired a ring of Raih Hiewn {Fly rN+ Will+ rCorr Dex-4}
  8498 | Orc:1    | Noticed Fannar
  8522 | Orc:1    | Killed Fannar
  8595 | Orc:2    | Entered Level 2 of the Orcish Mines
  8595 | Orc:2    | Found a staircase to the Elven Halls.
  8623 | Orc:2    | Reached XP level 15. HP: 84/134 MP: 12/18
  8781 | Orc:2    | Found Lookaicu's Jewellery Shop.
  8962 | Orc:2    | Found Ysuuj's Magic Scroll Shop.
  8993 | Orc:2    | Bought a scroll of silence for 142 gold pieces
  8998 | Orc:2    | Bought a scroll of enchant armour for 112 gold pieces
  8998 | Orc:2    | Bought a scroll of immolation for 60 gold pieces
  9011 | Orc:2    | Found a radiant altar of Vehumet.
  9013 | Orc:2    | Noticed Erolcha
  9027 | Orc:2    | Killed Erolcha
  9066 | Orc:2    | Found Ileratuo's Distillery.
  9075 | Orc:2    | Bought a potion of heal wounds for 80 gold pieces
  9075 | Orc:2    | Bought a potion of heal wounds for 80 gold pieces
  9093 | Orc:2    | Found an ancient bone altar of Kikubaaqudgha.
  9164 | Orc:2    | Noticed Donald
  9165 | Orc:2    | Found Okisyodd's Jewellery Shop.
  9184 | Orc:2    | Killed Donald
  9222 | Orc:2    | Found Kaseec's Antique Armour Boutique.
  9249 | Orc:2    | Bought the +3 pair of mountain boots {steadfast, rC+} for
                  | 770 gold pieces
  9249 | Orc:2    | Found the +3 pair of mountain boots {steadfast, rC+}
  9367 | Elf:1    | Entered Level 1 of the Elven Halls
  9398 | Elf:1    | Reached skill level 16 in Shields
  9530 | Elf:2    | Found a shimmering blue altar of Sif Muna.
  9633 | Elf:1    | Noticed an Ice Fiend
  9712 | Elf:1    | Got Giluc's Commentary on Assembling
  9898 | Elf:1    | Paralysed by an air elemental for 1 turns
 10168 | Elf:3    | Entered Level 3 of the Elven Halls
 10255 | Elf:3    | Reached XP level 16. HP: 131/145 MP: 16/19
 10403 | Elf:3    | Reached skill level 15 in Armour
 10413 | Elf:3    | Noticed a deep elf blademaster
 10588 | Lair:1   | Reached skill level 17 in Shields
 10702 | Lair:2   | Found a staircase to the Shoals.
 10729 | Shoals:1 | Entered Level 1 of the Shoals
 10793 | Snake:1  | Entered Level 1 of the Snake Pit
 10898 | Snake:1  | Identified the +2 pair of gloves of Gravitas {MP+9 Int+2
                  | Stlth+}
 10966 | Snake:1  | Reached skill level 1 in Dodging
 11431 | Snake:3  | Found Untijaox's Jewellery Shop.
 11433 | Snake:3  | Found Jidyul's Book Shoppe.
 11434 | Snake:3  | Found Zuciuh's Jewellery Shop.
 11447 | Snake:3  | Bought the amulet "Nuagait" {Faith *Slow rElec rC+ Int+4}
                  | for 1084 gold pieces
 11509 | Snake:3  | Noticed Azrael
 11529 | Snake:3  | Killed Azrael
 11590 | Snake:4  | Entered Level 4 of the Snake Pit
 11856 | Snake:4  | Reached XP level 17. HP: 81/154 MP: 20/20
 12027 | Snake:3  | Reached skill level 5 in Dodging
 12163 | Snake:3  | Reached skill level 15 in Fighting
 12236 | Snake:2  | Noticed Nikola
 12597 | Snake:4  | Reached skill level 18 in Shields
 12694 | Snake:4  | Noticed a nagaraja
 12701 | Snake:4  | Killed a nagaraja
 12767 | Snake:4  | Noticed a nagaraja
 12772 | Snake:4  | Noticed Vashnia
 12970 | Snake:4  | Killed a nagaraja
 13039 | Snake:4  | HP: 7/156 [Vashnia/bolt (25)]
 13040 | Snake:4  | Shot with a bolt by Vashnia

Illustrated notes

Levels and vault maps discovered:
D:1:      spicycebolla_green_bress_n_ham_2, layout_loops_ring,
          hellmonk_ecumenical_altar_lost_god, bh_walls_and_bars
D:2:      layout_loops_ring, basic_altar, amcnicky_mini_pool_small,
          minmay_unequal
D:3:      layout_rooms, nicolae_overflow_crystal_walls, serial_shops,
          nicolae_shop_window_shopping
D:4:      layout_gridville, grunt_temple_overflow_bloody_war,
          minmay_misc_feat_diagonals
D:5:      cheibrodos_iron_armory, layout_gridville,
          mainiacjoe_overflow_small_starburst, mainiacjoe_overflow_alcove_4,
          lemuel_coloured_pillars_altar, jmf_multi_god_temple, temple_green,
          uniq_ijyb
D:6:      layout_cave_pools, serial_shops, nicolae_lakefront_shop,
          grunt_ministairs_14
D:7:      layout_basic, nicolae_uskayaw_dance_studio,
          nicolae_ossuary_entry_monument, grunt_decor_junction
D:8:      layout_basic, kiku_gazebo_pond_becter, uniq_erica, uniq_pikel
D:9:      layout_loops_ring, minivault_11, uniq_maggie, uniq_prince_ribbit1
D:10:     layout_loops_cross, grunt_temple_overflow_order_and_chaos_1,
          lemuel_zombie_altar_yredelemnul, pond, uniq_urug
D:11:     layout_small_grid, dpeg_oklobed_lair, kennysheep_crisscross,
          uniq_sonja
D:12:     layout_stronghold, erik_orc_4, due_unseen_surprise, uniq_jorgrun
D:13:     layout_rooms, nemelex_altar_shiori
D:14:     layout_gridville, david_vaults_4, nicolae_lava_and_water,
          amcnicky_mini_rare_corridor_liquid, drop_trap
D:15:     grunt_enter_depths_magical_seal, layout_layer_cave, serial_shops,
          shop, chequers_decorated_corner, uniq_josephine, uniq_agnes,
          uniq_rupert
Temple:   nicolae_temple_bog_church
Lair:1:   layout_regular_city, basic_altar
Lair:2:   layout_gridlike, minmay_shoals_entry_centaurs, lemuel_fruit_tree
Lair:3:   layout_chaotic_city, minmay_snake_entry_six_corridors,
          kennysheep_catoblepas_arena
Lair:4:   layout_regular_city, slime_entry_1, nicolae_lair_yak_garden
Shoals:1: layout_shoals, st_sunken_huts, uniq_mlioglotl
Snake:1:  layout_onion, minmay_shop_star
Snake:2:  layout_onion, nicolae_elevator_lobby_asterisk, uniq_nikola
Snake:3:  layout_cave_town, minmay_shop_grove, uniq_azrael
Snake:4:  grunt_snake_rune_serpentine_throne, layout_onion, drop_trap
Orc:1:    layout_diamond_mine, elf_legates, uniq_fannar
Orc:2:    kennysheep_orc_mage_school, layout_caves, basic_altar, serial_shops,
          shop, uniq_donald
Elf:1:    eino_elf_arrival_shootout, layout_gridlike, minmay_elf_demonology,
          st_stairs_12, kilobyte_rumbling_trees
Elf:2:    nicolae_elf_blades_splatter_lattice
          [nicolae_blade_entry_splitting_headache], layout_gridlike, basic_altar
Elf:3:    grunt_elf_hall_asides, layout_geoelf_diagonals,
          evilmike_spriggan_trog_shrine

Skill      XL: |  1  2  3  4  5  6  7  8  9 10 11 12 13 14 15 16 17 |
---------------+----------------------------------------------------+-----
Axes           | 4 5 6 7 8 9 10 11 12 13 14 15 16 | 16.7
Armour         | 1 2 4 6 8 10 11 13 14 15 16 | 16.6
Shields        | 1 4 7 9 10 11 12 14 15 16 17 18 | 18.3
Fighting       | 4 6 7 9 11 12 13 14 15 | 15.5
Evocations     | 2 5 6 8 |  8.0
Dodging        | 4 5 |  5.0
Spellcasting   | |  1.3
Fire Magic     | |  3.6

Action                   |  1- 3 |  4- 6 |  7- 9 | 10-12 | 13-15 | 16-18 || total
-------------------------+-------+-------+-------+-------+-------+-------++-------
Melee: Hand axe          |    81 |    67 |   203 |   250 |    22 |       ||   623
       Punch             |     2 |       |       |       |       |       ||     2
       War axe           |       |       |       |   412 |   777 |   669 ||  1858
       Trident           |       |       |       |       |     4 |       ||     4
       Staff             |       |       |       |       |    10 |       ||    10
Throw: Stone             |     1 |       |       |       |       |       ||     1
       Dart              |       |       |       |     5 |     3 |       ||     8
       Javelin           |       |       |       |       |     3 |       ||     3
 Cast: Scorch            |     8 |    32 |    11 |    12 |    31 |     3 ||    97
Invok: Fiery Armour      |       |     1 |     1 |     2 |     4 |     3 ||    11
Evoke: Wand              |       |       |     1 |     5 |    13 |    16 ||    35
       Condenser vane    |       |       |       |       |     3 |     2 ||     5
  Use: Scroll            |     1 |     4 |     3 |     9 |    10 |    12 ||    39
       Potion            |     1 |       |     3 |    10 |     7 |     5 ||    26
 Stab: Confused          |       |       |       |       |     4 |       ||     4
Armor: Robe              |     4 |       |       |       |       |       ||     4
       Ring mail         |    31 |    28 |       |       |       |       ||    59
       Pearl dragon scal |       |       |   106 |   272 |   451 |   342 ||  1171
Dodge: Dodged            |    40 |    23 |    47 |   129 |   134 |   134 ||   507
Block: Kite shield       |       |     4 |    97 |   301 |   487 |   190 ||  1079
       Tower shield      |       |       |       |       |       |   374 ||   374
       Reflection        |       |       |       |       |       |    62 ||    62

Table legend: (Time is in decaauts)
 A = Elapsed time spent in this place.
 B = Non-inter-level travel time spent in this place.
 C = Inter-level travel time spent in this place.
 D = Time resting spent in this place.
 E = Time spent auto-exploring this place.
 F = Levels seen in this place.
 G = Mean time per level.
                   A        B        C        D        E       F      G
               +--------+--------+--------+--------+--------+-----+--------+
         Total |  12768 |  11982 |    786 |    498 |    173 |  31 |  411.9 |
       Dungeon |   6824 |   6394 |    430 |    424 |    124 |  15 |  454.9 |
        Temple |    115 |    103 |     12 |      0 |      0 |   1 |  115.0 |
          Lair |   1353 |   1243 |    110 |      0 |      0 |   4 |  338.2 |
        Shoals |     10 |     10 |      0 |      0 |      0 |   1 |   10.0 |
     Snake Pit |   2132 |   2089 |     43 |     20 |     49 |   4 |  533.0 |
  Orcish Mines |    909 |    780 |    129 |     17 |      0 |   2 |  454.5 |
   Elven Halls |   1086 |   1024 |     62 |     37 |      0 |   3 |  362.0 |
       Ossuary |    336 |    336 |      0 |      0 |      0 |   1 |  336.0 |
               +--------+--------+--------+--------+--------+-----+--------+

Top non-repeatable levels by time:
 Snake:4: 1042 daAuts
    D:12: 861 daAuts
   Orc:2: 731 daAuts
     D:9: 689 daAuts
     D:6: 657 daAuts
   Elf:1: 638 daAuts
    D:10: 591 daAuts
  Lair:2: 589 daAuts
 Snake:3: 545 daAuts
     D:8: 494 daAuts
     D:4: 474 daAuts
     D:1: 467 daAuts
     D:3: 438 daAuts
     D:5: 421 daAuts
    D:13: 368 daAuts
